 Seeded DCSS version 0.31-a0-229-g1fc7ce93e2 (webtiles) character file.

Game seed: 13275427502194390118 (custom seed)

51 rocky1 the Ducker (level 3, -4/27 HPs)
             Began as a Merfolk Gladiator on July 7, 2023.
             Slain by Natasha (5 damage)
             ... on level 2 of the Dungeon.
             The game lasted 00:02:04 (1250 turns).

rocky1 the Ducker (Merfolk Gladiator)               Turns: 1250, Time: 00:02:05

Health: -4/27      AC:  4    Str: 14    XL:     3   Next: 81%
Magic:  3/3        EV: 14    Int:  7    God:
Gold:   20         SH:  0    Dex: 17    Spells: 2/2 levels left

rFire   . . .        a - +0 long sword
rCold   . . .        (no shield)
rNeg    . . .        b - +0 leather armour
rPois   .            c - +0 helmet
rElec   .            (no cloak)
rCorr   .            (no gloves)
SInv    .            (no boots)
Will    .....        (no amulet)
Stlth   +            (no ring)
HPRegen 0.24/turn    (no ring)
MPRegen 0.08/turn

%: no passive effects
@: no status effects
A: (nimble swimmer 2), mertail
a: no special abilities


You were on level 2 of the Dungeon.
You visited 1 branch of the dungeon, and saw 2 of its levels.

You collected 20 gold pieces.

Inventory:

Hand Weapons
 a - a +0 long sword (weapon)
Missiles
 d - 3 throwing nets
 e - 5 javelins
 j - 3 boomerangs
 m - a poisoned dart (quivered)
Armour
 b - a +0 leather armour (worn)
 c - a +0 helmet (worn)
 k - a +0 robe of resistance
Jewellery
 f - a +6 ring of strength
Scrolls
 g - a scroll of teleportation {unknown}
 h - a scroll of silence {unknown}
 i - a scroll of summoning {unknown}
 l - a scroll of fear {unknown}


   Skills:
 + Level 2.2 Fighting
 * Level 4.7 Long Blades
 - Level 2.0 Throwing
 + Level 0.5 Armour
 + Level 4.8 Dodging


You had 2 spell levels left.
You didn't know any spells.
Your spell library contained the following spells:

 Spells                   Type           Power      Damage    Failure   Level
 Ozocubu's Armour         Ice            0%         N/A       87%         3
 Metabolic Englaciation   Hex/Ice        0%         N/A       100%        5
 Simulacrum               Ice/Necr       0%         N/A       100%        6


Dungeon Overview and Level Annotations

Branches:
Dungeon (2/15)

Altars:

Shops:
D:1 :==[

Annotations:
D:2 Natasha


Innate Abilities, Weirdness & Mutations

((You are very nimble when in or above water. (Stealth+, EV+, Speed+++)))
Your lower body shifts to a powerful aquatic tail in water.


Message History

You slash the bat!
You kill the bat!
Natasha hisses angrily.
You hit Natasha but do no damage. Natasha misses you.
You hit Natasha but do no damage. Natasha claws you but does no damage.
Natasha claws you!
You closely miss Natasha. Natasha closely misses you.
You hit Natasha but do no damage. Natasha misses you. The kobold misses you.
Natasha attacks as you move away! Natasha claws you.
You see here a poisoned dart.
You hit Natasha but do no damage. Natasha barely misses you.
Natasha casts a spell at you. You resist with significant effort.
You barely miss Natasha. Natasha misses you.
You closely miss Natasha. Natasha claws you.
You barely miss Natasha.
Natasha casts a spell.
You hit Natasha.
Natasha is lightly wounded.
Natasha claws you.
You hit Natasha.
Natasha is lightly wounded.
Natasha claws you.
* * * LOW HITPOINT WARNING * * *
The cerulean imp barely misses you.
You hit Natasha.
Natasha is moderately wounded.
Natasha claws you.
* * * LOW HITPOINT WARNING * * *
The cerulean imp hits you from afar with a +2 spear.
* * * LOW HITPOINT WARNING * * *
Natasha mumbles some strange words.
You aren't carrying any potions.
Okay, then.
You barely miss Natasha.
Natasha is moderately wounded.
The cerulean imp misses you.
Natasha hisses.
Natasha claws you.
You die...

.. #. .. ## #.# .##
..### #.# .. ..
####...###.####.# .
#.##...##..........# #.#
#...........(.#
#..#...##
#.........<.(###5.......
#............(@hK.......
#..............##5####..
#...†........#......
#####...#......####.###
..........#.†.......#
......#####.........#
....................#
..<.....###.........#
........# #.........#


You could see Natasha, 2 cerulean imps and a kobold.

Vanquished Creatures
  Jessica (D:1)
  A worm (D:2)
  A dart slug (D:2)
  4 bats
  2 giant cockroaches
  2 goblins (D:1)
  3 kobolds (D:1)
  2 quokkas
  A ball python (D:1)
  A frilled lizard (D:2)
  A rat (D:1)
19 creatures vanquished.

Notes
Turn   | Place    | Note
-------+----------+-------------------------------------------
     0 | D:1      | rocky1 the Merfolk Gladiator began the quest for the Orb.
     0 | D:1      | Reached XP level 1. HP: 16/16 MP: 1/1
    10 | D:1      | Found Onlezats's Jewellery Emporium.
   315 | D:1      | Found Zyuqykanwy's Book Shop.
   548 | D:1      | Found Obocek's Jewellery Boutique.
   554 | D:1      | Reached XP level 2. HP: 21/22 MP: 2/2
   663 | D:1      | Found Saufiugh's Armour Emporium.
   742 | D:2      | Noticed Jessica
   750 | D:1      | Killed Jessica
   751 | D:1      | Reached XP level 3. HP: 14/27 MP: 3/3
  1234 | D:2      | Noticed Natasha
  1249 | D:2      | HP: 1/27 [cerulean imp/+2 spear[Natasha] (2)]
  1250 | D:2      | Slain by Natasha

Illustrated notes

Levels and vault maps discovered:
D:1:      erik_arrival_blinker_ship, layout_loops_ring, serial_shops, shop,
          shop, shop, nicolae_shop_rolling_square
D:2:      layout_rooms, ebering_ecumenical_altar_hall, basic_altar,
          uniq_natasha, uniq_jessica

Skill      XL: |  1  2 |
---------------+-------+-----
Long Blades    | 4 |  4.7
Fighting       | |  2.2
Throwing       | |  2.0
Armour         | |  0.5
Dodging        | |  4.8

Action                     || total
---------------------------++-------
  Melee: Long sword        ||    93
         Punch             ||     3
  Throw: Javelin           ||     5
         Dart              ||     5
 Armour: Leather armour    ||    31
  Dodge: Dodged            ||    82

Table legend: (Time is in decaauts)
 A = Elapsed time spent in this place.
 B = Non-inter-level travel time spent in this place.
 C = Inter-level travel time spent in this place.
 D = Time resting spent in this place.
 E = Time spent auto-exploring this place.
 F = Levels seen in this place.
 G = Mean time per level.
                   A        B        C        D        E       F      G
               +--------+--------+--------+--------+--------+-----+--------+
         Total |   1270 |   1253 |     17 |    492 |    523 |   2 |  635.0 |
       Dungeon |   1270 |   1253 |     17 |    492 |    523 |   2 |  635.0 |
               +--------+--------+--------+--------+--------+-----+--------+

Top non-repeatable levels by time:
     D:1: 1037 daAuts
     D:2: 232 daAuts
